 Dungeon Crawl Stone Soup version 0.27-a0-396-g03f4e8edb7 (webtiles) character file.

Game seed: 13017588384976213200

186 Morbidden the Ducker (level 5, -16/42 HPs)
             Began as a Demonspawn Monk on Feb 21, 2021.
             Demolished by an orc
             ... wielding a +2 hand axe of electrocution
              (17 damage)
             ... on level 3 of the Dungeon.
             The game lasted 00:02:04 (2440 turns).

Morbidden the Ducker (Demonspawn Monk)              Turns: 2440, Time: 00:02:04

Health: -16/42     AC:  3    Str: 11    XL:     5   Next: 38%
Magic:  5/5        EV: 11    Int: 18    God:
Gold:   166        SH:  7    Dex: 16    Spells: 4/4 levels left

rFire    . . .     SeeInvis .   b - +1 short sword (elec)
rCold    . . .     Faith    .   m - +0 kite shield
rNeg     + . .     Spirit   .   a - +0 robe
rPois    .         Reflect  .   f - +1 hat
rElec    .         Harm     .   (no cloak)
rCorr    .         Rampage  .   (no gloves)
Will     .....                  (no boots)
Stlth    ++........             (no amulet)
HPRegen  0.14/turn              i - ring of positive energy
MPRegen  0.09/turn              j - +6 ring of intelligence

@: no status effects
A: powered by pain 2
a: no special abilities


You were on level 3 of the Dungeon.
You visited 1 branch of the dungeon, and saw 3 of its levels.

You collected 166 gold pieces.

Inventory:

Hand Weapons
 b - a +1 short sword of electrocution (weapon)
Armour
 a - a +0 robe (worn)
 f - a +1 hat (worn)
 m - a +0 kite shield (worn)
Jewellery
 i - a ring of positive energy (left hand)
 j - a +6 ring of intelligence (right hand)
Scrolls
 d - 3 scrolls of identify {unknown}
 e - 4 scrolls of enchant weapon {unknown}
 h - 5 scrolls of teleportation {unknown}
 l - 2 scrolls of blinking {unknown}
Potions
 c - a potion of mutation {unknown}
 g - 2 potions of berserk rage {unknown}
 k - a potion of cancellation {unknown}


   Skills:
 * Level 3.8 Fighting
 + Level 1.5 Short Blades
 * Level 3.8 Dodging
 + Level 3.0 Stealth
 + Level 3.1 Unarmed Combat


You had 4 spell levels left.
You didn't know any spells.
Your spell library was empty.

Dungeon Overview and Level Annotations

Branches:
Dungeon (3/15)

Altars:
Zin


Innate Abilities, Weirdness & Mutations

You sometimes gain power by taking damage.


Message History

The jackal bites you but does no damage.
You block the jackal's attack.
You hit the jackal but do no damage. Lightning courses through the jackal!
You kill the jackal!
The jackal barely misses you.
You hit the jackal.
You kill the jackal!
You closely miss the orc wizard. You closely miss the orc wizard.
The orc wizard hits you but does no damage. x2
You hit the orc wizard.
The orc wizard is moderately wounded.
The orc wizard completely misses you.
You barely miss the orc wizard.
The orc wizard is moderately wounded.
You block the orc wizard's attack.
You hit the orc wizard but do no damage.
The orc wizard is moderately wounded.
The orc wizard hits you but does no damage.
The orc wizard hits you with a +0 dagger.
* * * LOW HITPOINT WARNING * * *
Your shield prevents you from hitting the orc wizard.
The orc wizard is moderately wounded.
The orc wizard hits you with a +0 dagger.
* * * LOW HITPOINT WARNING * * *
You closely miss the orc wizard.
The orc wizard is moderately wounded.
The orc wizard casts a spell at you. The puff of flame hits you!
* * * LOW HITPOINT WARNING * * *
You hit the orc wizard.
Lightning courses through the orc wizard!
You kill the orc wizard!
Your Stealth skill increases to level 3!
You hit the orc.
The orc is moderately wounded.
The orc hits you with a +2 hand axe of electrocution.
* * * LOW HITPOINT WARNING * * *
You are electrocuted!
You die...

#####.#.##h#...
#.#.?.....#
#.#..###..#
#####....###.
#./...........
#.##.........$
#o#####..## #o#
..# #@# ....
#.# .##
#.#####.#
#.......#
##......#
#)###### #.#
####.##)###
....[.....# #(#


You could see 2 orcs.

Vanquished Creatures
  Jessica (D:2)
  2 orc wizards (D:3)
  2 adders
  A shadow imp (D:3)
  2 oozes (D:1)
  2 worms (D:2)
  A dart slug (D:2)
  2 leopard geckos
  3 orcs (D:3)
  A ball python (D:1)
  2 giant cockroaches (D:2)
  3 goblins
  9 hobgoblins
  9 jackals
  A quokka (D:2)
  3 bats
  2 frilled lizards
  10 kobolds
  7 rats
63 creatures vanquished.

Notes
Turn   | Place    | Note
-------+----------+-------------------------------------------
     0 | D:1      | Morbidden the Demonspawn Monk began the quest for the Orb.
     0 | D:1      | Reached XP level 1. HP: 18/18 MP: 1/1
   478 | D:1      | Gained mutation: You sometimes gain a little power by
                  | taking damage. [demonic ancestry]
   478 | D:1      | Reached XP level 2. HP: 23/24 MP: 2/2
   891 | D:1      | Gained mutation: You sometimes gain power by taking damage.
                  | [demonic ancestry]
   891 | D:1      | Reached XP level 3. HP: 25/29 MP: 3/3
  1320 | D:2      | Noticed Jessica
  1405 | D:2      | Killed Jessica
  1406 | D:2      | Reached XP level 4. HP: 16/36 MP: 4/4
  1409 | D:2      | Reached skill level 1 in Short Blades
  1663 | D:2      | Found a glowing silver altar of Zin.
  2415 | D:3      | Reached XP level 5. HP: 27/42 MP: 5/5
  2438 | D:3      | HP: 2/42 [orc wizard/puff of flame (8)]
  2440 | D:3      | Demolished by an orc

Illustrated notes

Levels and vault maps discovered:
D:1:      onia_arrival_pentagram, layout_rooms
D:2:      layout_loops_cross, lemuel_doored_altar, minmay_small_reverse_x,
          uniq_jessica
D:3:      layout_loops_ring, nicolae_underground_beach

Skill      XL: |  1  2  3  4  5 |
---------------+----------------+-----
Dodging        | 3 |  3.8
Unarmed Combat | 3 |  3.1
Stealth        | 2 3 |  3.0
Short Blades   | 1 |  1.5
Fighting       | |  3.8

Action                   |  1- 3 |  4- 6 || total
-------------------------+-------+-------++-------
Melee: Unarmed           |    42 |       ||    42
       Short sword       |    77 |    64 ||   141
 Stab: Sleeping          |     2 |     7 ||     9
       Distracted        |       |     1 ||     1
Armor: Robe              |    17 |    11 ||    28
Dodge: Dodged            |   112 |    26 ||   138
Block: Kite shield       |       |     7 ||     7

Table legend: (Time is in decaauts)
 A = Elapsed time spent in this place.
 B = Non-inter-level travel time spent in this place.
 C = Inter-level travel time spent in this place.
 D = Time resting spent in this place.
 E = Time spent auto-exploring this place.
 F = Levels seen in this place.
 G = Mean time per level.
                   A        B        C        D        E       F      G
               +--------+--------+--------+--------+--------+-----+--------+
         Total |   2458 |   2383 |     75 |      0 |   1964 |   3 |  819.3 |
       Dungeon |   2458 |   2383 |     75 |      0 |   1964 |   3 |  819.3 |
               +--------+--------+--------+--------+--------+-----+--------+

Top non-repeatable levels by time:
     D:1: 1117 daAuts
     D:2: 1068 daAuts
     D:3: 272 daAuts
